Workbook
Name AbaDeprec: '5. Depreciação'!$A$1
Name AbaRemun: '6.Remuneração de capital'!$A$1

Sheet 1. Coleta Domiciliar
A1: Orientações para preenchimento:
A2: 4. As células azuis deverão ter seus valores preenchidos em outra planilha do arquivo.
A4: Anexo "XXX" do Edital
A5: Planilha de Composição de Custos
A7: Orçamento Sintético
A8: Descrição do Item | E8: Custo (R$/mês) | F8: %
A9: =A48 -> 1. Mão-de-obra | E9: =+F138 -> 18718.602 | F9: =IFERROR(E9/$E$29,0) -> 0.69755764
A10: =A50 -> 1.1. Jardineiro, Faxineiro, limpador, Serviços Gerais, auxiliar de limpeza (Ins. 20%; 220 horas Mensal) | E10: =F62 -> 14845.749 | F10: =IFERROR(E10/$E$29,0) -> 0.55323391
A11: =A64 -> 1.2. Coletor Turno Noite | E11: =F81 -> 0 | F11: =IFERROR(E11/$E$29,0) -> 0
A12: =A83 -> 1.2. Gratificação Por Coordenação de Equipe | E12: =F96 -> 1490.1735 | F12: =IFERROR(E12/$E$29,0) -> 0.055532027
A13: =A98 -> 1.4. Motorista Turno Noite | E13: =F117 -> 0 | F13: =IFERROR(E13/$E$29,0) -> 0
A14: =A119 -> 1.5. Vale Transporte | E14: =F125 -> 0 | F14: =IFERROR(E14/$E$29,0) -> 0
A15: =A127 -> 1.3. Vale-refeição (diário) | E15: =F130 -> 2280.6 | F15: =IFERROR(E15/$E$29,0) -> 0.084987647
A16: =A132 -> 1.4. Plnao de Benfício Familiar (mensal) | E16: =F136 -> 102.08 | F16: =IFERROR(E16/$E$29,0) -> 0.0038040599
A17: =A140 -> 2. Uniformes e Equipamentos de Proteção Individual | E17: =+F179 -> 880.31667 | F17: =IFERROR(E17/$E$29,0) -> 0.03280542
A18: =A181 -> 3. Veículos e Equipamentos | E18: =+F258 -> 1421.3302 | F18: =IFERROR(E18/$E$29,0) -> 0.052966546
A19: =A183 -> 3.1. Veículo - Utilitário de Pequeno Porte | E19: =SUM(E20:E25) -> 1421.3302 | F19: =IFERROR(E19/$E$29,0) -> 0.052966546
A20: =A185 -> 3.1.1. Depreciação | E20: =F199 -> 259.41799 | F20: =IFERROR(E20/$E$29,0) -> 0.0096673352
A21: =A201 -> 3.1.2. Remuneração do Capital | E21: =F215 -> 305.27736 | F21: =IFERROR(E21/$E$29,0) -> 0.011376306
A22: =A217 -> 3.1.3. Impostos e Seguros | E22: =F223 -> 290.0475 | F22: =IFERROR(E22/$E$29,0) -> 0.010808758
A23: =A225 -> 3.1.4. Consumos | E23: =F241 -> 359.44444 | F23: =IFERROR(E23/$E$29,0) -> 0.013394869
A24: =A243 -> 3.1.5. Manutenção | E24: =F246 -> 175 | F24: =IFERROR(E24/$E$29,0) -> 0.0065214585
A25: =A248 -> 3.1.6. Pneus | E25: =F255 -> 32.142857 | F25: =IFERROR(E25/$E$29,0) -> 0.0011978189
A26: =A260 -> 4. Ferramentas e Materiais de Consumo | E26: =+F286 -> 490.74417 | F26: =IFERROR(E26/$E$29,0) -> 0.018287815
A27: =A288 -> 5. Materiais de Consumo para equipamentos | E27: =+F297 -> 284.4 | F27: =IFERROR(E27/$E$29,0) -> 0.010598302
A28: =A301 -> 6. Benefícios e Despesas Indiretas - BDI | E28: =+F307 -> 5039.0949 | F28: =IFERROR(E28/$E$29,0) -> 0.18778428
A29: PREÇO TOTAL MENSAL | E29: =E9+E17+E18+E26+E27+E28 -> 26834.488 | F29: =F9+F17+F18+F26+F27+F28 -> 1
A30: =A315 -> PREÇO POR Hora Trabalhada [A/B] | E30: =E29/E39 -> 30.493737
A33: Quantitativos
A34: Mão-de-obra | E34: Quantidade
A35: =+A50 -> 1.1. Jardineiro, Faxineiro, limpador, Serviços Gerais, auxiliar de limpeza (Ins. 20%; 220 horas Mensal) | E35: =C61 -> 4
A36: =+A64 -> 1.2. Coletor Turno Noite | E36: =C80 -> 0
A37: =+A83 -> 1.2. Gratificação Por Coordenação de Equipe | E37: =C95 -> 1
A38: =+A98 -> 1.4. Motorista Turno Noite | E38: =C116 -> 0
A39: Total de Mão-de-obra (em horas) | E39: =E35*220 -> 880
A40: Total de mão-de-obra (postos de trabalho) | E40: =E35 -> 4
A42: Veículos e Equipamentos | E42: Quantidade
A43: =+A183 -> 3.1. Veículo - Utilitário de Pequeno Porte | E43: =C198 -> 1
A46: Fator de utilização (FU) | B46: 1
A48: 1. Mão-de-obra
A50: 1.1. Jardineiro, Faxineiro, limpador, Serviços Gerais, auxiliar de limpeza (Ins. 20%; 220 horas Mensal)
A51: Discriminação | B51: Unidade | C51: Quantidade | D51: Custo unitário | E51: Subtotal | F51: Total (R$)
A52: Piso da categoria | B52: mês | C52: 1 | D52: 1765.86 | E52: =C52*D52 -> 1765.86
A53: Horas Extras (100%) | B53: hora | D53: =D52/220*2 -> 16.053273 | E53: =C53*D53 -> 0 | G53: Excluir esta linha caso a contratação não tenha previsão de horas extras 100% explícita no edital
A54: Horas Extras (50%) | B54: hora | D54: =D52/220*1.5 -> 12.039955 | E54: =C54*D54 -> 0 | G54: Excluir esta linha caso a contratação não tenha previsão de horas extras 50% explícita no edital
A55: Descanso Semanal Remunerado (DSR) - hora extra | B55: R$ | D55: =63/302*(SUM(E53:E54)) -> 0 | E55: =D55 -> 0 | G55: Excluir esta linha caso a contratação não tenha previsão de horas extras explícita no edital
A56: Adicional de Insalubridade | B56: % | C56: 20 | D56: =SUM(E52:E55) -> 1765.86 | E56: =C56*D56/100 -> 353.172
A57: Prêmio Assiduidade | B57: mês | C57: 1 | D57: 80 | E57: =C57*D57 -> 80
A58: Soma | E58: =SUM(E52:E57) -> 2199.032
A59: Encargos Sociais | B59: % | C59: ='2.Encargos Sociais'!$C$37*100 -> 68.775952 | D59: =E58 -> 2199.032 | E59: =D59*C59/100 -> 1512.4052
A60: Total por Empregado | E60: =E58+E59 -> 3711.4372
A61: Total do Efetivo | B61: homem | C61: 4 | D61: =E60 -> 3711.4372 | E61: =C61*D61 -> 14845.749
D62: Fator de utilização | E62: =$B$46 -> 1 | F62: =E61*E62 -> 14845.749
A63: Convenção Coletiva Sindasseio 2026/2026 - Registro TEM: RS000042/2026
A64: 1.2. Coletor Turno Noite
A65: Discriminação | B65: Unidade | C65: Quantidade | D65: Custo unitário | E65: Subtotal | F65: Total (R$)
A66: Piso da categoria | B66: mês | C66: 1 | D66: =D52 -> 1765.86 | E66: =C66*D66 -> 1765.86
A67: Adicional Noturno | B67: horas trabalhadas
B68: hora contabilizada | C68: =C67*8/7 -> 0 | D68: =D66/220*0.2 -> 1.6053273 | E68: =C68*D68 -> 0
A69: Horas Extras (100%) | B69: hora | D69: =D66/220*2 -> 16.053273 | E69: =C69*D69 -> 0 | G69: Excluir esta linha caso a contratação não tenha previsão de horas extras 100% explícita no edital
A70: Horas Extras Noturnas (100%) | B70: horas trabalhadas | G70: Excluir esta linha caso a contratação não tenha previsão de horas extras noturnas 100% explícita no edital
B71: hora contabilizada | C71: =C70*8/7 -> 0 | D71: =D66/220*2*1.2 -> 19.263927 | E71: =C71*D71 -> 0 | G71: Excluir esta linha caso a contratação não tenha previsão de horas extras noturnas 100% explícita no edital
A72: Horas Extras (50%) | B72: hora | D72: =D66/220*1.5 -> 12.039955 | E72: =C72*D72 -> 0 | G72: Excluir esta linha caso a contratação não tenha previsão de horas extras 50% explícita no edital
A73: Horas Extras Noturnas (50%) | B73: horas trabalhadas | G73: Excluir esta linha caso a contratação não tenha previsão de horas extras noturnas 50% explícita no edital
B74: hora contabilizada | C74: =C73*8/7 -> 0 | D74: =D66/220*1.5*1.2 -> 14.447945 | E74: =C74*D74 -> 0 | G74: Excluir esta linha caso a contratação não tenha previsão de horas extras noturnas 50% explícita no edital
A75: Descanso Semanal Remunerado (DSR) - hora extra | B75: R$ | D75: =63/302*(SUM(E69:E74)) -> 0 | E75: =D75 -> 0 | G75: Excluir esta linha caso a contratação não tenha previsão de horas extras explícita no edital
A76: Adicional de Insalubridade | B76: % | C76: =+C56 -> 20 | D76: =SUM(E66:E75) -> 1765.86 | E76: =C76*D76/100 -> 353.172
A77: Soma | E77: =SUM(E66:E76) -> 2119.032
A78: Encargos Sociais | B78: % | C78: ='2.Encargos Sociais'!$C$37*100 -> 68.775952 | D78: =E77 -> 2119.032 | E78: =D78*C78/100 -> 1457.3844
A79: Total por Coletor | E79: =E77+E78 -> 3576.4164
A80: Total do Efetivo | B80: homem | D80: =E79 -> 3576.4164 | E80: =C80*D80 -> 0
D81: Fator de utilização | E81: =$B$46 -> 1 | F81: =E80*E81 -> 0
A82: CBO: 6220; 5143
A83: 1.2. Gratificação Por Coordenação de Equipe
A84: Discriminação | B84: Unidade | C84: Quantidade | D84: Custo unitário | E84: Subtotal | F84: Total (R$)
A85: Gratificação por Coordenação de Equipe | B85: mês | C85: 1 | D85: =D52/2 -> 882.93 | E85: =C85*D85 -> 882.93
A86: Salário mínimo nacional (1) | B86: mês | C86: 1
A87: Horas Extras (100%) | B87: hora | D87: =D85/220*2 -> 8.0266364 | E87: =C87*D87 -> 0 | G87: Excluir esta linha caso a contratação não tenha previsão de horas extras 100% explícita no edital
A88: Horas Extras (50%) | B88: hora | D88: =D85/220*1.5 -> 6.0199773 | E88: =C88*D88 -> 0 | G88: Excluir esta linha caso a contratação não tenha previsão de horas extras 50% explícita no edital
A89: Descanso Semanal Remunerado (DSR) - hora extra | B89: R$ | D89: =63/302*(SUM(E87:E88)) -> 0 | E89: =D89 -> 0 | G89: Excluir esta linha caso a contratação não tenha previsão de horas extras explícita no edital
A90: Base de cálculo da Insalubridade
A91: Adicional de Insalubridade | B91: % | D91: =IF(C90=2,SUM(E85:E89),IF(C90=1,(SUM(E85:E89))*D86/D85,0)) -> 0 | E91: =C91*D91/100 -> 0
A92: Soma | E92: =SUM(E85:E91) -> 882.93
A93: Encargos Sociais | B93: % | C93: ='2.Encargos Sociais'!$C$37*100 -> 68.775952 | D93: =E92 -> 882.93 | E93: =D93*C93/100 -> 607.24351
A94: Total por Gratificação de Função | E94: =E92+E93 -> 1490.1735
A95: Total do Efetivo | B95: homem | C95: 1 | D95: =E94 -> 1490.1735 | E95: =C95*D95 -> 1490.1735
D96: Fator de utilização | E96: =$B$46 -> 1 | F96: =E95*E96 -> 1490.1735
A98: 1.4. Motorista Turno Noite
A99: Discriminação | B99: Unidade | C99: Quantidade | D99: Custo unitário | E99: Subtotal | F99: Total (R$)
A100: Piso da categoria (2) | B100: mês | C100: 1 | D100: =D85 -> 882.93 | E100: =C100*D100 -> 882.93
A101: Salário mínimo nacional (1) | B101: mês | C101: 1 | D101: =D86 -> 0
A102: Adicional Noturno | B102: horas trabalhadas
B103: hora contabilizada | C103: =C102*8/7 -> 0 | D103: =D100/220*0.2 -> 0.80266364 | E103: =C103*D103 -> 0
A104: Horas Extras (100%) | B104: hora | D104: =D100/220*2 -> 8.0266364 | E104: =C104*D104 -> 0 | G104: Excluir esta linha caso a contratação não tenha previsão de horas extras 100% explícita no edital
A105: Horas Extras Noturnas (100%) | B105: horas trabalhadas | G105: Excluir esta linha caso a contratação não tenha previsão de horas extras noturnas 100% explícita no edital
B106: hora contabilizada | C106: =C105*8/7 -> 0 | D106: =D100/220*2*1.2 -> 9.6319636 | E106: =C106*D106 -> 0 | G106: Excluir esta linha caso a contratação não tenha previsão de horas extras noturnas 100% explícita no edital
A107: Horas Extras (50%) | B107: hora | D107: =D100/220*1.5 -> 6.0199773 | E107: =C107*D107 -> 0 | G107: Excluir esta linha caso a contratação não tenha previsão de horas extras 50% explícita no edital
A108: Horas Extras Noturnas (50%) | B108: horas trabalhadas | G108: Excluir esta linha caso a contratação não tenha previsão de horas extras noturnas 50% explícita no edital
B109: hora contabilizada | C109: =C108*8/7 -> 0 | D109: =D100/220*1.5*1.2 -> 7.2239727 | E109: =C109*D109 -> 0 | G109: Excluir esta linha caso a contratação não tenha previsão de horas extras noturnas 50% explícita no edital
A110: Descanso Semanal Remunerado (DSR) - hora extra | B110: R$ | D110: =63/302*(SUM(E104:E109)) -> 0 | E110: =D110 -> 0 | G110: Excluir esta linha caso a contratação não tenha previsão de horas extras explícita no edital
...

Sheet 2.Encargos Sociais
A1: Orientações para preenchimento:
A2: 1. Preencha previamente os dados de entrada na planilha 3.CAGED
A4: O TCE/RS não se responsabiliza pelo uso incorreto desta planilha.
A5: O orçamento deve ser realizado por responsável técnico habilitado e é de responsabilidade do seu autor.
A7: 2. Composição dos Encargos Sociais
A8: Código | B8: Descrição | C8: Valor
A9: A1 | B9: INSS | C9: 0.2
A10: A2 | B10: SESI | C10: 0.015
A11: A3 | B11: SENAI | C11: 0.01
A12: A4 | B12: INCRA | C12: 0.002
A13: A5 | B13: SEBRAE | C13: 0.006
A14: A6 | B14: Salário educação | C14: 0.025
A15: A7 | B15: Seguro contra acidentes de trabalho | C15: 0.03
A16: A8 | B16: FGTS | C16: 0.08
A17: A | B17: SOMA GRUPO A | C17: =SUM(C9:C16) -> 0.368
A19: B1 | B19: Férias gozadas | C19: =ROUND(IF('3.CAGED'!C28>24,(1-12/'3.CAGED'!C28)*0.1111,0.1111-C28),4) -> 0.0619
A20: B2 | B20: 13º salário | C20: =ROUND('3.CAGED'!C32/'3.CAGED'!C29,4) -> 0.0833 | D20: 68.84
A21: B3 | B21: Licença Paternidade | C21: 0.0003
A22: B4 | B22: Faltas justificadas | C22: 0.0042
A23: B5 | B23: Auxilio acidente de trabalho | C23: 0.0031
A24: B6 | B24: Auxilio doença | C24: 0.0076
A25: B | B25: SOMA GRUPO B | C25: =SUM(C19:C24) -> 0.1604
A27: C1 | B27: Aviso prévio indenizado | C27: =ROUND(('3.CAGED'!C33) *'3.CAGED'!C26/'3.CAGED'!C29,4) -> 0.0256
A28: C2 | B28: Férias indenizadas | C28: =ROUND(IF('3.CAGED'!C28>12,12/'3.CAGED'!C28*0.1111,0.1111),4) -> 0.0492
A29: C3 | B29: Férias indenizadas s/ aviso previo inden. | C29: =C27*C28 -> 0.00125952
A30: C4 | B30: Depósito rescisão sem justa causa | C30: =ROUND(('3.CAGED'!C29+'3.CAGED'!C30+'3.CAGED'!C32)/'3.CAGED'!C27*'3.CAGED'!C34*'3.CAGED'!C35*'3.CAGED'!C26/'3.CAGED'!C29,4) -> 0.0205
A31: C5 | B31: Indenização adicional | C31: =ROUND(('3.CAGED'!C31/'3.CAGED'!C29)*'3.CAGED'!C26/12,4) -> 0.0018
A32: C | B32: SOMA GRUPO C | C32: =SUM(C27:C31) -> 0.09835952
A34: D1 | B34: Reincidência de Grupo A sobre Grupo B | C34: =ROUND(C17*C25,4) -> 0.059
A35: D2 | B35: Reincidência de FGTS sobre aviso prévio indenizado | C35: =ROUND((C27*C16),4) -> 0.002
A36: D | B36: SOMA GRUPO D | C36: =SUM(C34:C35) -> 0.061
B37: SOMA (A+B+C+D) | C37: =C36+C32+C25+C17 -> 0.68775952

Sheet 3.CAGED
A1: CÁLCULO DAS VERBAS INDENIZATÓRIAS DOS EMPREGADOS NO SETOR DE COLETA DE RSU
A3: Tendo em vista que o CAGED foi descontinuado em janeiro de 2020, esta planilha foi atualizada até 31/12/2019.
A5: Preencha as células em amarelo
B7: 3. CAGED
B8: Rio Grande do Sul - Coleta de Resíduos Não-Perigosos - CNAE 38114
B9: Admissões | C9: 2100
B10: Desligamentos | C10: 2031
B11: Dispensados com justa causa | C11: 44
B12: Dispensados sem justa causa | C12: 1192
B13: Espontâneos | C13: 372
B14: Fim de contrato por prazo determinado | C14: 22
B15: Término de contrato | C15: 350
B16: Aposentados | C16: 1
B17: Mortos | C17: 30
B18: Transferência de saída | C18: 0
B19: Acordo | C19: 0
B20: Indicadores
B21: Estoque recuperado início do Período 01-01-2019 | C21: 4625
B22: Estoque recuperado final do Período 31-12-2019 | C22: 4694
B23: Variação Emprego Absoluta de 01-01-2019 a 31-12-2019 | C23: =C9-C10 -> 69
B25: Estoque Médio | C25: =MEDIAN(C21,C22) -> 4659.5
B26: % Demitidos s/ Justa Causa em relação ao Estoque Médio | C26: =C12/C25 -> 0.25582144
B27: Taxa de Rotatividade | C27: =MEDIAN(C9,C10)/C25 -> 0.44328791
B28: Rotatividade temporal (meses) | C28: =12/C27 -> 27.070443
B29: Dias ano | C29: 360
B30: 1/3 de férias (dias) | C30: 10
B31: Férias (dias) | C31: 30
B32: 13º Salário (dias) | C32: 30
B33: Dias de Aviso prévio | C33: =30+(3*TRUNC(1/C27)) -> 36
B34: FGTS | C34: 0.08
B35: Multa FGTS | C35: 0.4 | D35: Ajustado, de acordo com a nova Lei Federal nº 13.932/2019

Sheet 4.BDI
A1: Orientações para preenchimento:
A2: 1. Esta planilha é somente um modelo-base e deve ser ajustada conforme cada caso concreto.
A3: 2. Preencher somente células em amarelo
A5: O TCE/RS não se responsabiliza pelo uso incorreto desta planilha.
A6: O orçamento deve ser realizado por responsável técnico habilitado e é de responsabilidade do seu autor.
A8: 4. Composição do BDI - Benefícios e Despesas Indiretas
D10: Referência estudo TCE
D11: 1° Quartil | E11: Médio | F11: 3° Quartil
A12: Administração Central | B12: AC | C12: 0.05 | D12: 0.0297 | E12: 0.0508 | F12: 0.0627
A13: Seguros/Riscos/Garantias | B13: SRG | C13: 0.01 | D13: =0.3%+0.56% -> 0.0086 | E13: =0.48%+0.85% -> 0.0133 | F13: =0.82%+0.89% -> 0.0171
A14: Lucro | B14: L | C14: 0.08 | D14: 0.0778 | E14: 0.1085 | F14: 0.1355
A15: Despesas Financeiras | B15: DF | C15: =(1+E15)^(E16/252)-1 -> 0.003969976 | D15: i | E15: 0.105
A16: Tributos - ISS | B16: T | C16: 0.03 | D16: DU | E16: 10
A17: Tributos - PIS/COFINS | C17: 0.0365
A18: Fórmula para o cálculo do BDI:
A19: {[(1+AC+SRG) x (1+L) x (1+DF)] / (1-T)} -1
A20: Resultado do cálculo do BDI: | C20: =ROUND((((1+C12+C13)*(1+C14)*(1+C15))/(1-(C16+C17))-1),4) -> 0.2312 | D20: 0.2143 | E20: 0.2717 | F20: 0.3362

Sheet 5. Depreciação
A1: 5. Depreciação Referencial TCE/RS (%)
A2: Idade do veículo (ano) | B2: Depreciação Média
A3: 1 | B3: 33.63
A4: 2 | B4: 43.13
A5: 3 | B5: 48.68
A6: 4 | B6: 52.62
A7: 5 | B7: 55.68
A8: 6 | B8: 58.18
A9: 7 | B9: 60.29
A10: 8 | B10: 62.12
A11: 9 | B11: 63.73
A12: 10 | B12: 65.18
A13: 11 | B13: 66.48
A14: 12 | B14: 67.67
... A17: 15 | B17: 70.73

Sheet 6.Remuneração de capital
A1: 6. Remuneração de Capital
A3: Fórmula de cálculo da remuneração de capital:
A12: Jm = remuneração de capital mensal
A13: i = taxa de juros do mercado (sugere-se adotar a taxa SELIC)
A14: Im = investimento médio
A15: V0 = valor inicial do bem
A16: Vr = valor residual do bem
A17: n = vida útil do bem em anos

Sheet 7. Dimensionamento
A1: Orientações para preenchimento:
A2: 1. Esta planilha é somente um modelo de cálculo expedito e deve ser ajustada conforme cada caso concreto.
A3: 2. Dimensionar separadamente setores atendidos por veículos de capacidade de carga diferentes.
A4: 3. Preencher somente células em amarelo
A6: O TCE/RS não se responsabiliza pelo uso incorreto desta planilha.
A7: O orçamento deve ser realizado por responsável técnico habilitado e é de responsabilidade do seu autor.
A9: 7. Dimensionamento da frota
A11: Indicador | B11: Unid | C11: Valor
A12: População (H) | B12: hab
A13: Geração per capita (G) | B13: Kg/hab.dia | C13: =0.0362741*C12^0.2336249 -> 0
A14: Geração total diária (Qd) | B14: ton/dia | C14: =C12*C13/1000 -> 0
A15: Geração Mensal | B15: ton | C15: =(C14*30) -> 0
A16: Número de dias de coleta por semana (Dc) | B16: dia
A17: Quantitativo diário de coleta (Qc) | B17: ton/dia | C17: =IFERROR(C14*7/C16,0) -> 0
A18: Densidade RSU compactado | B18: Kg/m³ | C18: 500
A19: Tipo de Veículo (1 = toco, 2 = truck)
A20: Capacidade do Compactador | B20: m³
A21: Capacidade nominal de carga (Cc) | B21: ton | C21: =IF(AND(C20>=15,C19=1),5.8,C20/2) -> 0
A22: Número de Cargas por dia (Nc) | C22: =IFERROR(C17/C21,0) -> 0
A23: Número total de percursos de coleta por veículo, por dia (Np)
A24: Número de veículos da Frota (F) | C24: =IFERROR(C22/C23,0) -> 0
